Map: Odyssey LE

Players

Stephano - Winner!

  • Race: Zerg Zerg
  • Spawn Location: 11:00

Sen

  • Race: Zerg Zerg
  • Spawn Location: 5:00

Event: WCS Jonkoping 2017

VOD

Have the link to the VOD?

Description

Time

  • Played on: June 17, 2017, 2:27 p.m.
  • Length: 11:51

All games in this series

Show
View Real Time Build Order
Export as new Build Order

Stephano Zerg - Winner!

Build Orders: Hatch First, Zergling Baneling 

Get SALT Encoding   

  12  0:01  Drone  
  13  0:12  Overlord  
  13  0:17  Drone  
  14  0:30  Drone  
  14  0:31  Drone  
  14  0:34  Drone  
  17  0:51  Hatchery  
  17  0:54  Drone  
  17  0:58  Drone  
  18  1:08  Extractor  
  17  1:12  Spawning Pool  
  17  1:15  Drone  
  17  1:18  Drone  
  18  1:29  Drone  
  19  1:39  Overlord  
  19  1:59  Queen  
  19  2:00  Zergling x2  
  19  2:01  Zergling x2  
  23  2:03  Queen, Zergling x2  
  23  2:07  Metabolic Boost  
  26  2:15  Drone x2  
  28  2:25  Drone  
  28  2:28  Drone  
  30  2:34  Queen  
  32  2:37  Drone x2  
  34  2:46  Drone x2  
  36  2:53  Hatchery  
  35  3:01  Overlord  
  35  3:02  Baneling Nest  
  34  3:06  Overlord  
  34  3:10  Drone  
  34  3:11  Drone  
  36  3:19  Zergling x6  
  39  3:22  Zergling x2  
  39  3:25  Zergling x4  
  41  3:30  Zergling x2  
  41  3:32  Drone  
  41  3:33  Drone  
  44  3:42  Overlord  
  44  3:44  Drone  
  44  3:45  Drone  
  44  3:46  Baneling x2  
  45  3:48  Baneling  
  45  3:49  Baneling  
  45  3:50  Drone  
  45  3:52  Drone  
  45  3:54  Drone x2  
  49  3:57  Overlord  
  49  4:04  Drone  
  50  4:13  Baneling x2  
  50  4:17  Drone  
  50  4:21  Zergling x6  
  50  4:22  Drone  
  51  4:31  Zergling x8  
  51  4:32  Drone x2, Overlord  
  51  4:34  Extractor  
  51  4:35  Extractor  
  51  4:36  Drone x3  
  51  4:38  Drone  
  57  4:41  Evolution Chamber  
  57  4:42  Drone  
  57  4:44  Drone  
  57  4:48  Baneling x2  
  57  4:49  Baneling  
  57  4:50  Zergling x2  
  57  4:51  Drone x2  
  57  4:52  Drone  
  61  4:56  Roach Warren  
  61  4:58  Overlord  
  60  5:07  Baneling  
  60  5:08  Baneling  
  60  5:09  Drone x3  
  60  5:12  Overlord  
  60  5:13  Overlord, Zerg Missile Weapons Level 1  
  62  5:17  Overlord x2  
  62  5:19  Drone  
  63  5:27  Overlord  
  63  5:33  Lair  
  63  5:37  Roach x5  
  63  5:41  Roach  
  63  5:42  Roach  
  76  5:46  Roach  
  76  5:48  Zergling x10  
  83  5:53  Roach  
  83  5:54  Roach  
  87  5:58  Roach x2  
  90  6:04  Roach x2  
  90  6:07  Roach  
  91  6:11  Roach  
  91  6:16  Roach x2  
  91  6:19  Roach  
  91  6:23  Zergling x16  
  91  6:32  Roach x3  
  89  6:37  Roach  
  89  6:38  Roach  
  82  6:42  Roach  
  82  6:45  Roach  
  82  6:46  Zergling x6  
  80  6:53  Drone x3  
  77  7:01  Glial Reconstitution  
  77  7:02  Drone x2  
  77  7:03  Drone x2  
  77  7:08  Queen  
  81  7:11  Drone x4  
  87  7:21  Zerg Missile Weapons Level 2  
  87  7:22  Drone x4  
  91  7:24  Extractor  
  91  7:25  Roach  
  91  7:26  Extractor, Roach  
  93  7:32  Drone x4  
  93  7:34  Extractor  
  96  7:37  Roach x2  
  96  7:38  Overseer  
  96  7:41  Overlord  
  96  7:42  Overlord  
  100  7:46  Drone x2  
  100  7:48  Roach x2  
  106  7:54  Roach  
  108  8:01  Drone x3  
  108  8:02  Hatchery  
  113  8:05  Roach  
  113  8:06  Roach x2  
  116  8:19  Roach  
  126  8:20  Roach x4  
  126  8:22  Hatchery  
  126  8:24  Overlord  
  125  8:31  Roach x5  
  135  8:34  Baneling x4  
  135  8:38  Drone x2, Overlord  
  137  8:44  Roach x2  
  141  8:49  Unknown  
  141  8:51  Roach x3  
  145  9:01  Roach x3  
  145  9:02  Roach x2  
  154  9:05  Burrow  
  154  9:08  Tunneling Claws  
  152  9:15  Roach x3  
  155  9:17  Overlord  
  155  9:20  Roach  
  158  9:24  Ravager x3  
  158  9:25  Ravager  
  158  9:26  Ravager  
  158  9:27  Unknown  
  162  9:37  Zerg Ground Armor Level 1, Roach x5  
  172  9:41  Roach  
  172  9:42  Roach  
  176  9:46  Overlord x2  
  176  10:03  Roach  
  176  10:04  Overlord x3  
  176  10:13  Roach  
  176  10:14  Roach x11  
  192  10:15  Overlord  
  192  10:21  Overlord  
  192  10:22  Queen  
  192  10:28  Roach x3  
  200  10:39  Roach x3  
  200  10:40  Roach x4  
  200  10:41  Roach  
  200  10:43  Overlord  
  200  10:45  Spore Crawler  
  200  10:46  Spore Crawler, Drone  
  200  10:47  Spore Crawler, Roach, Hydralisk Den  
  200  10:48  Roach x3  
  200  10:49  Roach x3  
  197  10:50  Spore Crawler, Roach x2  
  186  11:06  Roach x5  
  186  11:07  Roach x8  
  184  11:15  Roach x5  
  170  11:19  Hydralisk x10  
Show
View Real Time Build Order
Export as new Build Order

Sen Zerg 

Build Orders: Hatch First 

Get SALT Encoding   

  12  0:01  Drone  
  13  0:12  Overlord  
  13  0:16  Drone  
  14  0:30  Drone x2  
  14  0:35  Drone  
  17  0:52  Hatchery  
  17  0:53  Drone  
  18  0:57  Drone  
  18  0:59  Extractor  
  17  1:12  Spawning Pool  
  17  1:15  Drone  
  17  1:19  Drone  
  18  1:28  Drone  
  19  1:38  Overlord  
  19  1:50  Drone  
  20  1:58  Queen  
  20  2:00  Drone  
  23  2:01  Metabolic Boost  
  23  2:03  Queen  
  23  2:05  Drone  
  26  2:11  Zergling x2  
  26  2:15  Zergling x2  
  28  2:22  Baneling Nest  
  27  2:25  Drone  
  27  2:26  Zergling x2  
  29  2:38  Overlord  
  29  2:40  Drone  
  30  2:46  Drone  
  30  2:47  Drone  
  32  2:53  Drone  
  33  2:59  Drone  
  33  3:08  Drone x2  
  33  3:09  Drone  
  36  3:13  Overlord  
  36  3:14  Drone x2  
  38  3:20  Hatchery  
  38  3:22  Drone  
  38  3:23  Drone  
  40  3:31  Drone x3  
  42  3:41  Hatchery  
  42  3:42  Drone x3  
  44  3:53  Baneling x3  
  44  3:55  Overlord  
  44  3:57  Extractor, Zergling x6  
  44  3:58  Zergling x4  
  48  4:04  Overlord  
  48  4:10  Baneling x3  
  48  4:12  Overlord  
  48  4:16  Roach Warren  
  42  4:33  Zergling x2  
  42  4:34  Zergling x12  
  49  4:45  Overlord  
  47  4:57  Roach x3  
  47  4:58  Roach  
  55  5:00  Queen  
  55  5:03  Roach x2  
  61  5:12  Roach x5  
  70  5:20  Roach x3  
  75  5:25  Roach x3  
  80  5:28  Overlord  
  80  5:29  Overlord  
  80  5:41  Zergling x2  
  81  5:48  Baneling  
  81  5:49  Baneling x6, Zergling x2  
  82  5:50  Zergling x12  
  82  5:53  Zergling x6  
  82  5:54  Baneling  
  91  6:03  Overlord x2  
  90  6:18  Zergling x8  
  81  6:31  Zergling x18  
  86  6:39  Drone x2  
  82  6:40  Drone  
  82  6:41  Drone x2  
  82  6:42  Lair  
  82  6:44  Evolution Chamber, Drone  
  73  6:48  Drone x4  
  73  6:52  Drone  
  73  6:54  Extractor  
  60  7:01  Drone  
  60  7:02  Drone, Overlord  
  60  7:06  Extractor  
  61  7:11  Drone  
  61  7:12  Drone x2  
  61  7:13  Drone x4, Zerg Missile Weapons Level 1  
  68  7:19  Overlord  
  68  7:22  Overlord x2  
  68  7:23  Drone  
  68  7:24  Drone  
  70  7:30  Drone x4  
  74  7:40  Glial Reconstitution  
  74  7:45  Baneling x2  
  74  7:48  Roach x7  
  88  7:56  Overlord  
  88  7:57  Overseer  
  88  8:00  Roach x5  
  97  8:10  Roach  
  97  8:11  Roach x5  
  109  8:16  Roach x3  
  109  8:17  Unknown  
  109  8:19  Overseer  
  115  8:20  Overlord  
  115  8:26  Overlord  
  115  8:43  Drone x3  
  115  8:44  Hatchery, Drone x3  
  115  8:45  Extractor x2, Overlord  
  115  8:47  Drone x3  
  115  8:48  Drone  
  122  9:02  Spire  
  121  9:03  Hatchery  
  119  9:22  Roach x10  
  119  9:23  Roach x3  
  144  9:32  Overlord  
  144  9:38  Queen  
  142  9:55  Extractor  
  140  10:01  Overlord  
  136  10:13  Mutalisk x9  
  126  10:16  Roach x4  
  132  10:22  Roach x3  
  132  10:26  Roach x2  
  142  10:34  Roach x6  
  142  10:35  Roach  
  156  10:41  Roach x2  
  156  10:42  Roach x2  
  164  10:48  Overlord  
  164  10:50  Spine Crawler  
  164  10:51  Ravager x2  
  164  10:53  Drone x5  
  170  11:00  Roach x7  
  169  11:07  Roach  
  169  11:08  Roach x2  
  144  11:12  Roach  
  144  11:13  Roach x2  
  115  11:23  Roach x5  
  85  11:30  Roach  
  85  11:31  Roach  
Tags
 
Add a new tag
Caveats
  • Supply blocks, unpowered buildings, or Contaminate may cause inaccurate times.
  • Supply counts are checked every 10 seconds.